 Dungeon Crawl Stone Soup version 0.21-a0-221-gfe971b9 (webtiles) character file.

4746 tidbits the Fighter (level 10, 58/93 HPs)
             Began as a White Draconian Wanderer on Aug 27, 2017.
             Quit the game on level 10 of the Dungeon.
             The game lasted 00:41:06 (4845 turns).

tidbits the Fighter (White Draconian Wanderer)      Turns: 4845, Time: 00:41:07

Health: 58/93      AC:  8    Str: 18    XL:     10   Next: 23%
Magic:  16/16      EV: 15    Int: 15    God:
Gold:   358        SH:  0    Dex: 13    Spells: 14/17 levels left

rFire    x . .     SeeInvis .   b - +11 falchion "Xuiss" {slice, rF- MR++ Str+2 Int+3}
rCold    + . .     Gourm    +   (no shield)
rNeg     . . .     Faith    .   (armour unavailable)
rPois    .         Spirit   .   (helmet restricted)
rElec    .         Reflect  .   C - +0 cloak
rCorr    .         Harm     .   (no gloves)
MR       ++...                  (no boots)
Stlth    ++........             y - amulet of the gourmand
HPRegen  0.25/turn              W - ring of wizardry
MPRegen  0.15/turn              (no ring)

@: no status effects
A: breathe frost, unfitting armour, cold resistance 1, cold-blooded, AC +7
a: Breathe Frost


You were on level 10 of the Dungeon.
You were very full.

You visited 2 branches of the dungeon, and saw 12 of its levels.

You collected 358 gold pieces.

Inventory:

Hand Weapons
 a - a +2 shortbow of flaming
 b - the +11 falchion "Xuiss" (weapon) {slice, rF- MR++ Str+2 Int+3}
   (You found it on level 9 of the Dungeon)

   It inflicts extra damage upon your enemies.
   It affects your strength (+2).
   It affects your intelligence (+3).
   It makes you vulnerable to fire.
   It affects your resistance to hostile enchantments.
 d - a +0 hand axe
 i - a +3 quarterstaff of chaos
   (You took it off Crazy Yiuf on level 5 of the Dungeon)
 q - a +0 arbalest
 u - a cursed -1 blowgun
 x - a +1 dagger of draining
   (You took it off a goblin on level 5 of the Dungeon)
 O - a +0 dagger of speed
   (You took it off Jessica on level 2 of the Dungeon)
Missiles
 e - 98 sling bullets
 j - 14 stones (quivered)
 l - 225 arrows
 v - 58 poisoned needles
 B - 2 throwing nets {!f}
 J - 23 bolts
Armour
 C - a +0 cloak (worn)
Jewellery
 y - an amulet of the gourmand (around neck)
   (You found it on level 5 of the Dungeon)
 W - a ring of wizardry (left hand)
   (You found it on level 9 of the Dungeon)
Wands
 k - a wand of enslavement (7/24)
 w - a wand of acid (9/15)
 I - a wand of disintegration (7/24)
 K - a wand of enslavement (21/24)
 R - a wand of random effects (24/48)
 S - a wand of digging (7/24)
 T - a wand of paralysis (14/24)
Scrolls
 c - 3 scrolls of immolation {unknown}
 m - 2 scrolls of noise {unknown}
 r - 3 scrolls of remove curse
 s - a scroll of fog {unknown}
 t - 2 scrolls of teleportation
 E - 2 scrolls of blinking {unknown}
 F - a scroll of amnesia {unknown}
 H - 2 scrolls of brand weapon
 M - a scroll of magic mapping {unknown}
 Q - a scroll of enchant weapon {unknown}
Potions
 n - 4 potions of brilliance
 p - 2 potions of invisibility {unknown}
 z - 2 potions of might
 A - a potion of resistance {unknown}
 D - 2 potions of degeneration {unknown}
 G - a potion of agility {unknown}
 N - 2 potions of berserk rage {unknown}
 P - a potion of lignification {unknown}
 U - a potion of ambrosia {unknown}
Books
 L - a book of Cantrips
   (You found it on level 8 of the Dungeon)

   Spells                             Type                      Level
   a - Confusing Touch                Hexes                        1
   b - Animate Skeleton               Necromancy                   1
   c - Summon Small Mammal            Summoning                    1
   d - Apportation                    Translocation                1
Comestibles
 f - 4 bread rations
 g - 8 royal jellies
 h - 12 fruits
 o - 4 meat rations


   Skills:
 + Level 10.3 Fighting
 - Level 3.1 Axes
 - Level 2.9 Bows
 - Level 6.0 Dodging
 - Level 1.3 Stealth
   Level 1.0 Shields
 - Level 4.5 Unarmed Combat
 + Level 4.4 Spellcasting
 - Level 3.8 Hexes
 - Level 4.1 Necromancy
 + Level 1.9 Translocations


You had 14 spell levels left.
You knew the following spells:

 Your Spells              Type           Power        Failure   Level  Hunger
a - Apportation           Tloc           #.....       3%          1    None
n - Animate Skeleton      Necr           N/A          1%          1    None
t - Confusing Touch       Hex            ###...       1%          1    None


Dungeon Overview and Level Annotations

Branches:
Dungeon (11/15)            Temple (1/1) D:7
   Lair: D:8-11         Orc: D:9-12

Altars:
Ashenzari
Cheibriados
Dithmenos
Elyvilon
Fedhas
Gozag
Hepliaklqana
Kikubaaqudgha
Makhleb
Nemelex Xobeh
Okawaru
Qazlal
Ru
Sif Muna
Trog
Uskayaw
Vehumet
Yredelemnul
Zin
The Shining One

Shops:
D:4 (   D:5 :

Annotations:
D:8 1 transporter
D:10 Maurice, Urug


Innate Abilities, Weirdness & Mutations

You can breathe waves of freezing cold.
You can buffet flying creatures when you breathe cold.
Your icy white scales are hard. (AC +7)
You cannot fit into any form of body armour.
Your flesh is cold resistant. (rC+)
You are cold-blooded and may be slowed by cold attacks.


Message History

The eye of draining is severely wounded.
The ice beast hits you but does no damage. x2
You slash the eye of draining!
You kill the eye of draining!
The ice beast hits you but does no damage.
You hit the ice beast.
The ice beast is lightly wounded.
The ice beast hits you but does no damage.
You hit the ice beast but do no damage.
Your tail-slap misses the ice beast.
The ice beast is lightly wounded.
The ice beast misses you.
You completely miss the ice beast. You tail-slap the ice beast.
The ice beast is moderately wounded.
The ice beast hits you.
* * * LOW HITPOINT WARNING * * *
The ice beast freezes you. You resist.
* * * LOW HITPOINT WARNING * * *
The ice beast completely misses you.
You hit the ice beast.
The ice beast is heavily wounded.
The ice beast barely misses you.
You riposte.
You slash the ice beast!
The ice beast is severely wounded.
You slash the ice beast!
You kill the ice beast!
A worker ant comes into view.
You slash the worker ant!
You kill the worker ant!
An orc comes into view.
The orc shouts!
Found 10 gold pieces. 2 orcs and an orc priest come into view.
An orc is wielding a mace of protection.
An orc comes into view. It is wielding a short sword.
The orc shouts!
The orc priest shouts!
The orc shouts! x2
You slash the orc!
You kill the orc!
You slash the orc!
You kill the orc!
You slash the orc!
You kill the orc!
You hit the orc priest.
The orc priest is heavily wounded.
The orc priest hits you but does no damage.
You closely miss the orc priest.
You tail-slap the orc priest, but do no damage.
The orc priest is heavily wounded.
The orc priest mumbles some strange prayers to Beogh against you.
Beogh smites you!
* * * LOW HITPOINT WARNING * * *
You slash the orc priest!
You kill the orc priest!
You slash the orc!
You kill the orc!
Items here: )))) [[[[ ††††
Found 11 gold pieces.
Found a stone staircase leading down.
Found a scroll labeled MUEFOLINEAR.
Found an escape hatch in the ceiling.
c - 3 scrolls labeled MUEFOLINEAR (gained 1)
There is an escape hatch in the ceiling here.
Magic restored.
A mysterious force pulls you upwards. The hatch slams shut behind you.
Level annotation: Maurice, Urug A bullfrog skeleton comes into view.
The bullfrog skeleton closely misses you.
You riposte.
You barely miss the bullfrog skeleton.
Found a stone staircase leading down.
You slash the bullfrog skeleton!
The bullfrog skeleton is severely damaged.
The bullfrog skeleton hits you but does no damage.
You slash the bullfrog skeleton!
You destroy the bullfrog skeleton!
Found 18 stones.
You hear a distant blaring wail to the northwest.
Found a whip.
Found a stone staircase leading down.
Found a robe.
Found an escape hatch in the ceiling.
Found a stone staircase leading up. 8 orcs and an orc wizard come into view.
The orc shouts! x3 2 orcs come into view. x2 2 orcs and an orc warrior come into view.
The orc warrior is wielding a hand axe of chopping.
The orc shouts! x2
The orc shouts!
The orc moves out of view.
The orc warrior shouts!
The orc misses you.
An orc comes into view. It is wielding a morningstar.
The orc shouts!
The orc shouts!
The orc barely misses you.
You riposte.
The orc shouts! x3
You hit the orc.
Your tail-slap misses the orc.
The orc is heavily wounded.
The orc shouts! x2
The orc hits you but does no damage. The orc hits you with a hand axe.
Are you sure you want to abandon this character and quit the game? (Confirm with "yes".)

##..o.o...##....
#oo......######.
##.o###..## #.
#oo.# #..# #.
##oo## ##.# #.
#o.o# #.# ##
#oo## #.# #o##
#.# #@# #.# ###
###


You could see an orc warrior, an orc wizard and 10 orcs.

Vanquished Creatures
  A two-headed ogre (D:7)
  Joseph (D:7)
  The ghost of Dominolapin the Chucker, an amateur OgAM (D:4)
  Menkaure (D:3)
  Duvessa (D:6)
  A porcupine (D:11)
  2 ice beasts
  2 orc warriors
  An eye of draining (D:11)
  A black bear (D:8)
  2 ogres
  3 centaurs
  A big kobold (D:9)
  10 bullfrogs
  Dowan (D:6)
  A wyvern skeleton (D:9)
  3 scorpions
  5 crimson imps
  A hound (D:7)
  2 centaur zombies
  3 orc priests
  2 jellies
  A gnoll shaman (D:9)
  Crazy Yiuf (D:5)
  3 orc wizards
  Jessica (D:2)
  6 bullfrog skeletons
  2 iguanas
  Natasha (twice) (D:4)
  3 worker ants
  A howler monkey zombie (D:5)
  A worker ant zombie (D:9)
  A howler monkey skeleton (D:7)
  17 gnolls
  11 adders
  A worm (D:5)
  A dart slug (D:1)
  2 leopard geckos (D:4)
  24 orcs
  6 giant cockroaches
  A hobgoblin (D:1)
  11 jackals
  2 quokkas
  A ball python (D:5)
  3 bats
  2 frilled lizards
  5 goblins
  11 kobolds
  2 rats
168 creatures vanquished.

Vanquished Creatures (collateral kills)
  A gnoll sergeant (D:7)
  A gnoll (D:7)
2 creatures vanquished.

Vanquished Creatures (others)
  4 bushes (D:10)
  A fungus (D:10)
  7 plants (D:10)
12 creatures vanquished.

Grand Total: 182 creatures vanquished

Notes
Turn   | Place    | Note
-------+----------+-------------------------------------------
     0 | D:1      | tidbits the Draconian Wanderer began the quest for the Orb.
     0 | D:1      | tidbits set off with: a +2 shortbow, 27 arrows, a scroll of teleportation, a +0 hand axe, a bread ration
     0 | D:1      | Reached XP level 1. HP: 17/17 MP: 1/1
   201 | D:1      | Reached XP level 2. HP: 25/25 MP: 2/2
   308 | D:2      | Noticed Jessica
   312 | D:2      | Killed Jessica
   312 | D:2      | Reached skill level 3 in Fighting
   312 | D:2      | Reached XP level 3. HP: 28/31 MP: 3/3
   425 | D:3      | Reached skill level 4 in Fighting
   550 | D:3      | Reached XP level 4. HP: 35/41 MP: 4/4
   578 | D:4      | Found Rawear's Weapon Emporium.
   578 | D:4      | Noticed Menkaure
   587 | D:3      | Killed Menkaure
   587 | D:3      | Reached skill level 6 in Fighting
   587 | D:3      | Reached XP level 5. HP: 6/50 MP: 5/5
   654 | D:2      | Found a shattered altar of Ashenzari.
   754 | D:3      | Found a glowing golden altar of the Shining One.
   915 | D:4      | Noticed an ogre
   920 | D:4      | Killed an ogre
   920 | D:4      | Reached XP level 6. HP: 58/58 MP: 6/6
   939 | D:4      | Reached skill level 7 in Fighting
   939 | D:4      | Reached skill level 1 in Dodging
   955 | D:5      | Entered Level 5 of the Dungeon
  1096 | D:5      | Found Koaky's Book Shop.
  1112 | D:4      | Noticed Dominolapin's ghost (amateur OgAM)
  1114 | D:4      | Noticed Natasha
  1125 | D:4      | Killed Dominolapin's ghost
  1125 | D:4      | Reached skill level 2 in Dodging
  1125 | D:4      | Your scales start taking on an icy white colour.
  1125 | D:4      | Reached XP level 7. HP: 42/66 MP: 7/7
  1125 | D:4      | Gained mutation: Your flesh is cold resistant. (rC+) [White Draconian growth]
  1138 | D:4      | Killed Natasha
  1225 | D:4      | Reached skill level 3 in Dodging
  1230 | D:4      | Noticed Natasha
  1231 | D:4      | Killed Natasha
  1237 | D:4      | Found a hide-covered altar of Uskayaw.
  1293 | D:4      | Reached skill level 8 in Fighting
  1546 | D:3      | Found a sparkling altar of Nemelex Xobeh.
  1656 | D:5      | Found a runed door.
  1660 | D:5      | Noticed Crazy Yiuf
  1673 | D:5      | Killed Crazy Yiuf
  1881 | D:5      | Found a sacrificial altar of Ru.
  2245 | D:6      | Reached skill level 4 in Dodging
  2296 | D:6      | Reached XP level 8. HP: 73/75 MP: 8/8
  2331 | D:6      | Reached skill level 9 in Fighting
  2443 | D:7      | Noticed a two-headed ogre
  2483 | D:7      | Killed a two-headed ogre
  2483 | D:7      | Reached skill level 5 in Dodging
  2572 | D:7      | Noticed Joseph
  2610 | D:7      | Reached skill level 10 in Fighting
  2615 | D:6      | Noticed Dowan
  2617 | D:6      | Noticed Duvessa
  2627 | D:7      | Found a staircase to the Ecumenical Temple.
  2651 | Temple   | Entered the Ecumenical Temple
  2753 | D:7      | Reached skill level 6 in Dodging
  2967 | D:5      | Reached skill level 1 in Unarmed Combat
  3012 | D:6      | Killed Duvessa
  3012 | D:6      | Reached skill level 2 in Unarmed Combat
  3014 | D:6      | Reached XP level 9. HP: 58/85 MP: 9/9
  3026 | D:6      | Killed Dowan
  3026 | D:6      | Reached skill level 3 in Unarmed Combat
  3251 | D:8      | Reached skill level 4 in Unarmed Combat
  3268 | D:8      | Learned a level 1 spell: Animate Skeleton
  3270 | D:8      | Learned a level 1 spell: Confusing Touch
  3272 | D:8      | Learned a level 1 spell: Apportation
  3328 | D:9      | Found an iron altar of Okawaru.
  3340 | D:9      | Got a smoking falchion
  3346 | D:9      | Identified the +11 falchion "Xuiss" {slice, rF- MR++ Str+2 Int+3} (You found it on level 9 of the Dungeon)
  3387 | D:9      | Reached skill level 1 in Hexes
  3423 | D:9      | Reached skill level 1 in Spellcasting
  3506 | D:9      | Reached skill level 1 in Necromancy
  3663 | D:9      | Reached skill level 2 in Hexes
  3708 | D:9      | Found a snail-covered altar of Cheibriados.
  3781 | D:9      | Reached skill level 2 in Spellcasting
  3821 | D:9      | Reached skill level 2 in Necromancy
  3967 | D:7      | Killed Joseph
  3967 | D:7      | Reached skill level 3 in Spellcasting
  3967 | D:7      | Reached skill level 3 in Hexes
  3967 | D:7      | Reached skill level 3 in Necromancy
  4274 | D:8      | Found a transporter.
  4275 | D:8      | Noticed a deep elf knight
  4275 | D:8      | Noticed a kobold demonologist
  4357 | D:9      | Found a stormy altar of Qazlal.
  4464 | D:10     | Entered Level 10 of the Dungeon
  4492 | D:10     | Reached skill level 4 in Necromancy
  4492 | D:10     | Reached XP level 10. HP: 73/93 MP: 15/15
  4524 | D:10     | Reached skill level 4 in Spellcasting
  4553 | D:10     | Noticed a gargoyle
  4555 | D:10     | Noticed Urug
  4564 | D:10     | Noticed Maurice
  4603 | D:11     | Reached skill level 1 in Translocations
  4845 | D:10     | Quit the game

Vault maps used:
D:1:      dpeg_arrival_orchard
D:2:      lemuel_upstairs_altar, xom_redecorated, lemuel_crystal_altar,
          uniq_jessica
D:3:      nemelex_xobeh_ov_fountains_minmay, marbit_many_paths,
          kennysheep_cluttered_room
D:4:      lemuel_crystal_altar, serial_shops, shop, uniq_natasha, uniq_ijyb,
          uniq_menkaure
D:5:      serial_shops, nicolae_shop_trees, first_bread,
          nicolae_ru_great_annihilating_truth, uniq_crazy_yiuf_cottage
D:6:      uniq_duvessa
D:7:      minmay_temple_entry_mist, uniq_joseph
D:8:      gammafunk_wand_slinger
D:9:      okawaru_ov_weapons_minmay, cheibriados_altar_1, lemuel_round_altar
D:10:     minmay_lair_entry_grove, hiddenorc1_lemuel, serial_glass,
          glass_columns_b, glass_columns_b, uniq_maurice, uniq_nergalle,
          uniq_urug
D:11:     uniq_harold
Temple:   eino_temple_water

Skill      XL: |  1  2  3  4  5  6  7  8  9 10 |
---------------+-------------------------------+-----
Fighting       | 3 4 6 7 8 10 | 10.3
Dodging        | 2 4 6 |  6.0
Unarmed Combat | 2 4 |  4.5
Hexes          | 3 |  3.8
Spellcasting   | 3 4 |  4.4
Necromancy     | 4 |  4.1
Translocations | 1 |  1.9
Axes           | |  3.1
Bows           | |  2.9
Stealth        | |  1.3
Shields        | |  1.0

Action                   |  1- 3 |  4- 6 |  7- 9 | 10-12 || total
-------------------------+-------+-------+-------+-------++-------
Melee: Hand axe          |    10 |     7 |     1 |       ||    18
       Tailslap          |     2 |     1 |    10 |     7 ||    20
       Falchion          |       |       |    76 |    38 ||   114
       Dagger            |       |       |     7 |       ||     7
 Fire: Shortbow          |    72 |    41 |   314 |       ||   427
Throw: Stone             |     9 |       |     3 |       ||    12
 Abil: Breathe Frost     |       |       |     4 |       ||     4
Evoke: Wand              |       |       |     1 |       ||     1
  Use: Scroll            |       |     3 |     4 |     1 ||     8
       Potion            |       |     2 |       |       ||     2
 Stab: Sleeping          |       |       |     1 |     1 ||     2
  Eat: Chunk             |       |       |    19 |       ||    19
       Fruit             |       |       |     1 |       ||     1
Armor: Skin              |    28 |     6 |    73 |    11 ||   118
Dodge: Dodged            |    39 |    14 |   199 |    18 ||   270
       Rpst.: Falchion   |       |       |    17 |     8 ||    25

Table legend:
 A = Spawn XP
 B = Non-spawn XP
 C = Spawn XP percentage of total XP
 D = Spawn monster count
 E = Non-spawn monster count
 F = Spawn count percentage of total count
 G = Total turns spent on level
                    A         B        C        D         E        F      G
               +---------+---------+-------+---------+---------+-------+---------
         Total |     245 |    6536 |   3.6 |       6 |     164 |   3.5 |  4845
               +---------+---------+-------+---------+---------+-------+---------
           D:1 |       0 |      17 |   0.0 |       0 |      11 |   0.0 |   348
           D:2 |       0 |      45 |   0.0 |       0 |       5 |   0.0 |   215
           D:3 |      14 |     259 |   5.1 |       1 |      26 |   3.7 |   627
           D:4 |      67 |     650 |   9.3 |       1 |      11 |   8.3 |   301
           D:5 |      29 |     262 |  10.0 |       2 |      16 |  11.1 |   829
           D:6 |      93 |     620 |  13.0 |       1 |      18 |   5.3 |   423
           D:7 |      42 |    1570 |   2.6 |       1 |      22 |   4.3 |   578
           D:8 |       0 |     645 |   0.0 |       0 |       9 |   0.0 |   262
           D:9 |       0 |    1085 |   0.0 |       0 |      29 |   0.0 |   825
          D:10 |       0 |     682 |   0.0 |       0 |       5 |   0.0 |   224
          D:11 |       0 |     701 |   0.0 |       0 |      12 |   0.0 |   157
               +---------+---------+-------+---------+---------+-------+---------

Table legend:
 A = Turns spent in this place as a percentage of turns spent in the entire game.
 B = Non-inter-level travel turns spent in this place as a percentage of non-inter-level travel turns spent in the entire game.
 C = Inter-level travel turns spent in this place as a percentage of turns spent in this place.
 D = Turns resting spent in this place as a percentage of non-inter-level travel turns spent in this place.
 E = Turns spent auto-exploring this place as a percentage of non-inter-level travel turns spent in this place.
 F = Non-inter-level travel turns spent in this place divided by the number of levels of this place that you've seen.
                   A       B       C       D       E      F
               +-------+-------+-------+-------+-------+----------------------
         Total | 100.0 | 100.0 |   9.0 |   0.0 |   0.7 | 367.5
       Dungeon |  98.8 |  98.9 |   8.9 |   0.0 |   0.8 | 396.6
        Temple |   1.2 |   1.1 |  16.1 |   0.0 |   0.0 |  47.0
               +-------+-------+-------+-------+-------+----------------------

Table legend:
 A = Kills in this place as a percentage of kills in entire the game.
 B = Kills by you in this place as a percentage of kills by you in the entire game.
 C = Kills by friends in this place as a percentage of kills by friends in the entire game.
 D = Other kills in this place as a percentage of other kills in the entire game.
 E = Experience gained in this place as a percentage of experience gained in the entire game.
 F = Experience gained in this place divided by the number of levels of this place that you have seen.
                   A       B       C       D       E      F
               +-------+-------+-------+-------+-------+----------------------
         Total | 100.0 | 100.0 | 100.0 |   N/A | 100.0 | 565.1
       Dungeon | 100.0 | 100.0 | 100.0 |   N/A | 100.0 | 616.5
               +-------+-------+-------+-------+-------+----------------------

Vault maps used:
D:1:      dpeg_arrival_orchard
D:2:      lemuel_upstairs_altar, xom_redecorated, lemuel_crystal_altar,
          uniq_jessica
D:3:      nemelex_xobeh_ov_fountains_minmay, marbit_many_paths,
          kennysheep_cluttered_room
D:4:      lemuel_crystal_altar, serial_shops, shop, uniq_natasha, uniq_ijyb,
          uniq_menkaure
D:5:      serial_shops, nicolae_shop_trees, first_bread,
          nicolae_ru_great_annihilating_truth, uniq_crazy_yiuf_cottage
D:6:      uniq_duvessa
D:7:      minmay_temple_entry_mist, uniq_joseph
D:8:      gammafunk_wand_slinger
D:9:      okawaru_ov_weapons_minmay, cheibriados_altar_1, lemuel_round_altar
D:10:     minmay_lair_entry_grove, hiddenorc1_lemuel, serial_glass,
          glass_columns_b, glass_columns_b, uniq_maurice, uniq_nergalle,
          uniq_urug
D:11:     uniq_harold
Temple:   eino_temple_water
